 Dungeon Crawl Stone Soup version 0.30-a0-965-g42e074c17a (webtiles) character file.

Game seed: 5128025135760603452

698 Sobieck the Magician (level 7, -1/48 HPs)
             Began as a Mummy Earth Elementalist on Mar 30, 2023.
             Slain by a gnoll sergeant
             ... wielding a +0 spear
              (10 damage)
             ... on level 4 of the Dungeon.
             The game lasted 00:06:26 (4712 turns).

Sobieck the Magician (Mummy Earth Elementalist)     Turns: 4712, Time: 00:06:26

Health: -1/48      AC:  4    Str: 11    XL:     7   Next: 38%
Magic:  13/17      EV: 12    Int: 17    God:
Gold:   220        SH:  0    Dex: 12    Spells: 16/20 levels left

rFire   x . .      SeeInvis .    a - +0 sling
rCold   + . .      Faith    +    (no shield)
rNeg    + + +      Spirit   .    r - +0 robe
rPois   ∞          Reflect  .    q - +2 hat
rElec   .          Rampage  .    (no cloak)
rCorr   .                        (no gloves)
Will    .....                    (no boots)
Stlth   ++                       (no amulet)
HPRegen 0.28/turn                d - +4 ring of slaying
MPRegen 0.15/turn                (no ring)

@: no status effects
A: cold resistance 1, negative energy resistance 3, torment resistance 2, heat
vulnerability 1, in touch with death 1, no potions, faith
a: no special abilities


You were on level 4 of the Dungeon.
You visited 1 branch of the dungeon, and saw 5 of its levels.

You collected 220 gold pieces.


Innate Abilities, Weirdness & Mutations

You are immune to poison.
Your flesh is cold resistant. (rC+)
You are immune to negative energy. (rN+++)
You are immune to unholy pain and torment.
You are vulnerable to heat. (rF-)
You are in touch with the powers of death.
You do not drink.
You have a special connection with the divine. (Faith)


   Skills:
 - Level 1.0 Fighting
 - Level 1.5 Dodging
 - Level 1.5 Stealth
 + Level 7.3 Spellcasting
 - Level 0.7 Transmutations
 + Level 5.3 Earth Magic


You had 16 spell levels left.
You knew the following spells:

 Your Spells              Type           Power      Damage    Failure   Level
a - Sandblast             Erth           48%        2d12      1%          1
b - Stone Arrow           Conj/Erth      30%        3d8       12%         3

Your spell library contained the following spells:

 Spells                   Type           Power      Damage    Failure   Level
 Passwall                 Tmut/Erth      13%        N/A       4%          2
 Apportation              Tloc           12%        N/A       12%         1
 Necrotise                Necr           36%        1d5       12%         1
 Summon Small Mammal      Summ           24%        N/A       12%         1
 Petrify                  Tmut/Erth      16%        N/A       32%         4
 Summon Hydra             Summ           3%         N/A       100%        7
 Wereblood                Tmut           Unusable   N/A       N/A         2
 Sublimation of Blood     Necr           Unusable   N/A       N/A         2

Inventory:

Hand Weapons
 a - a +0 sling (weapon)
   (You found it on level 2 of the Dungeon)
 e - a +0 mace {mace}
   (You found it on level 1 of the Dungeon)
 h - a +0 war axe {axe}
   (You found it on level 1 of the Dungeon)
 j - a +0 short sword {short}
   (You took it off a kobold on level 1 of the Dungeon)
 y - a +2 dagger of speed {short}
   (You took it off a kobold on level 3 of the Dungeon)
Missiles
 k - 80 stones {throwing}
 m - 3 javelins {throwing}
 u - 10 poisoned darts {throwing}
Armour
 f - a +0 ring mail
   (You found it on level 1 of the Dungeon)
 g - a +0 scale mail
   (You found it on level 1 of the Dungeon)
 l - a +0 ring mail
   (You found it on level 1 of the Dungeon)
 n - a +0 leather armour
   (You found it on level 2 of the Dungeon)
 p - a +0 ring mail
   (You found it on level 2 of the Dungeon)
 q - a +2 hat (worn)
   (You found it on level 2 of the Dungeon)
 r - a +0 robe (worn)
 t - a scarf of repulsion
   (You found it on level 2 of the Dungeon)
 w - a +0 leather armour
   (You found it on level 3 of the Dungeon)
 x - a scarf of harm
   (You found it on level 3 of the Dungeon)
 z - a +0 ring mail
   (You found it on level 3 of the Dungeon)
 B - a +0 robe
   (You found it on level 4 of the Dungeon)
 D - a +0 ring mail
   (You found it on level 4 of the Dungeon)
 F - a +0 robe
   (You found it on level 4 of the Dungeon)
 H - a +0 ring mail
   (You found it on level 4 of the Dungeon)
Jewellery
 d - a +4 ring of slaying (left hand)
   (You found it on level 1 of the Dungeon)
 o - a ring of willpower
   (You took it off a kobold on level 2 of the Dungeon)
Wands
 E - a wand of digging (6)
   (You found it on level 4 of the Dungeon)
Scrolls
 c - 2 scrolls of enchant armour
 i - 2 scrolls of vulnerability {!r!r}
 s - 2 scrolls of enchant weapon
 v - 2 scrolls of immolation {!r!r}
 A - 2 scrolls of fear
 C - 2 scrolls of teleportation {@r4}

Dungeon Overview and Level Annotations

Branches:
Dungeon (5/15) Zot: 25179
 Temple: D:4-7

Altars:

Shops:
D:4 (

Annotations:
D:3 1 runed translucent door, Crazy Yiuf

# ## 8# #### ###
##8###8###
.........#
.........#
.........#########
##8###8#.'.....g@#
########.#######.#
8#........# #.#
##........######.#
##........##.....#
##........##.###.#
8#...........# #.#
##...........# #.#
.............# #.#


You could see a gnoll sergeant.


Message History

A - 2 scrolls of fear Blink to where?
Press: ? - help, Dir - move target
As you read the scroll labelled GIOSEFADIKU, it crumbles to dust.
It was a scroll of blinking.
Unknown command.
Unknown command.
A hound comes into view.
The hound barks!
You hear a shout!
Danger!
You shoot a sling bullet.
The sling bullet barely misses the hound.
The blast of sand misses the hound.
The blast of sand hits the hound!
The hound closely misses you. The hound barely misses you.
The blast of sand misses the hound.
The hound bites you. The hound closely misses you.
The blast of sand hits the hound!
The hound bites you but does no damage.
A gnoll comes into view. It is wielding a +0 whip.
The hound barely misses you.
The blast of sand misses the hound.
The gnoll shouts!
You hear a shout! x2
The hound bites you but does no damage. The hound misses you.
The blast of sand hits the hound!
You kill the hound!
A gnoll sergeant comes into view. It is wielding a +0 spear.
The blast of sand hits the gnoll.
There is a stone staircase leading up here.
The blast of sand hits the gnoll!
The gnoll misses you.
The blast of sand hits the gnoll!
You kill the gnoll!
A gnoll comes into view. It is wielding a +0 whip.
The blast of sand hits the gnoll sergeant!
The gnoll shouts!
The gnoll sergeant hits you from afar with a +0 spear!
A gnoll comes into view. It is wielding a +0 halberd.
The gnoll sergeant barely misses you.
A dart slug comes into view.
The blast of sand hits the gnoll sergeant.
The gnoll shouts!
The gnoll sergeant hits you from afar with a +0 spear!
You are too injured to fight recklessly!
The gnoll sergeant hits you from afar with a +0 spear!
* * * LOW HITPOINT WARNING * * *
You climb upwards.
There is a stone staircase leading down here.
Unknown command.
You start resting.
You start resting.
Unknown command.
You climb downwards.
The gnoll sergeant hits you with a +0 spear.
There is a stone staircase leading up here.
Danger!
Unknown command.
The gnoll sergeant closely misses you.
You climb upwards.
There is a stone staircase leading down here.
Unknown command.
Unknown command.
Casting: Sandblast (safe; 1% risk of failure)
Confirm with . or Enter, or press ? or * to list all spells.
Aiming: Sandblast (safe; 1% risk of failure)
Press: ? - help, Shift-Dir - straight line, f - gnoll sergeant
Aim: a gnoll sergeant, wielding a +0 spear and wearing a +0 ring mail (87% to hit)
The blast of sand hits the gnoll sergeant!
The gnoll sergeant hits you with a +0 spear!
Casting: Sandblast (safe; 1% risk of failure)
Confirm with . or Enter, or press ? or * to list all spells.
Aiming: Sandblast (safe; 1% risk of failure)
Press: ? - help, Shift-Dir - straight line, f/p - gnoll sergeant
Aim: a gnoll sergeant, wielding a +0 spear and wearing a +0 ring mail (moderately wounded, 87% to hit)
The blast of sand hits the gnoll sergeant!
The gnoll sergeant closely misses you.
The gnoll sergeant hits you with a +0 spear!
Casting: Sandblast (safe; 1% risk of failure)
Confirm with . or Enter, or press ? or * to list all spells.
Aiming: Sandblast (safe; 1% risk of failure)
Press: ? - help, Shift-Dir - straight line, f/p - gnoll sergeant
Aim: a gnoll sergeant, wielding a +0 spear and wearing a +0 ring mail (almost dead, 87% to hit)
The blast of sand hits the gnoll sergeant but does no damage.
The gnoll sergeant hits you with a +0 spear!
Casting: Sandblast (safe; 1% risk of failure)
Confirm with . or Enter, or press ? or * to list all spells.
Aiming: Sandblast (safe; 1% risk of failure)
Press: ? - help, Shift-Dir - straight line, f/p - gnoll sergeant
Aim: a gnoll sergeant, wielding a +0 spear and wearing a +0 ring mail (almost dead, 87% to hit)
The blast of sand hits the gnoll sergeant but does no damage.
The gnoll sergeant hits you with a +0 spear.
* * * LOW HITPOINT WARNING * * *
The gnoll sergeant hits you with a +0 spear!
* * * LOW HITPOINT WARNING * * *
Casting: Sandblast (safe; 1% risk of failure)
Confirm with . or Enter, or press ? or * to list all spells.
Aiming: Sandblast (safe; 1% risk of failure)
Press: ? - help, Shift-Dir - straight line, f/p - gnoll sergeant
Aim: a gnoll sergeant, wielding a +0 spear and wearing a +0 ring mail (almost dead, 87% to hit)
The blast of sand hits the gnoll sergeant but does no damage.
The gnoll sergeant hits you with a +0 spear!
You die...

Skill      XL: |  1  2  3  4  5  6  7 |
---------------+----------------------+-----
Spellcasting   | 3 4 5 6 7 |  7.3
Fighting       | 1 |  1.0
Earth Magic    | 3 4 5 |  5.3
Dodging        | |  1.5
Stealth        | |  1.5
Transmutations | |  0.7

Action                     |  1- 3 |  4- 6 |  7- 9 || total
---------------------------+-------+-------+-------++-------
   Fire: Sling             |       |    28 |    37 ||    65
   Cast: Sandblast         |    61 |    54 |    47 ||   162
    Use: Scroll            |       |       |     7 ||     7
 Armour: Robe              |     6 |     6 |     3 ||    15
  Dodge: Dodged            |    17 |    17 |    17 ||    51

Levels and vault maps discovered:
D:1:      sevenhm_arrival_forest_fort_large_2, layout_loops_ring
D:2:      layout_basic
D:3:      layout_loops_ring, uniq_crazy_yiuf_cottage, uniq_grinder
D:4:      layout_basic, serial_corexii_hall, corexii_hall_statues_l,
          corexii_hall_statues_x, serial_shops, nicolae_shop_statue_plus,
          chequers_serial_rivers_small_a, minmay_fractal_squares_diagonal_5
D:5:      layout_basic, nicolae_overflow_crystal_walls,
          minmay_temple_entry_hall, serial_shops, nicolae_shop_hallway_stairs,
          nicolae_elevator_lobby_plus, uniq_edmund

Notes
Turn   | Place    | Note
-------+----------+-------------------------------------------
     0 | D:1      | Sobieck the Mummy Earth Elementalist began the quest for
                  | the Orb.
     0 | D:1      | Reached XP level 1. HP: 13/13 MP: 4/4
   381 | D:1      | Reached skill level 3 in Spellcasting
   381 | D:1      | Reached XP level 2. HP: 20/20 MP: 4/6
   457 | D:1      | Reached skill level 1 in Fighting
   587 | D:1      | You pick up a book of Cantrips and begin reading...
   587 | D:1      | You add the spells Necrotise, Summon Small Mammal and
                  | Apportation to your library.
  1104 | D:2      | Gained mutation: You are in touch with the powers of death.
                  | [Mummy growth]
  1104 | D:2      | Reached XP level 3. HP: 22/26 MP: 4/8
  1173 | D:2      | Reached skill level 3 in Earth Magic
  1324 | D:2      | You pick up a book of Geomancy and begin reading...
  1542 | D:2      | Reached skill level 4 in Spellcasting
  1547 | D:2      | Reached XP level 4. HP: 11/32 MP: 2/10
  2569 | D:2      | Learned a level 3 spell: Stone Arrow
  2636 | D:3      | Noticed Grinder
  2641 | D:3      | Paralysed by Grinder for 5 turns
  2649 | D:3      | HP: 8/32 [Grinder (4)]
  2651 | D:3      | Killed Grinder
  2652 | D:3      | Reached skill level 5 in Spellcasting
  2652 | D:3      | Reached skill level 4 in Earth Magic
  2652 | D:3      | Reached XP level 5. HP: 10/37 MP: 3/13
  2652 | D:3      | Reached XP level 6. HP: 12/43 MP: 3/14
  3202 | D:3      | You pick up a book of Blood and begin reading...
  3386 | D:3      | Found a runed translucent door.
  3387 | D:3      | Noticed Crazy Yiuf
  3432 | D:3      | Reached skill level 6 in Spellcasting
  3494 | D:4      | Found Howuw's Antique Weapon Shop.
  3559 | D:4      | Reached XP level 7. HP: 48/48 MP: 17/17
  3586 | D:4      | Reached skill level 5 in Earth Magic
  3838 | D:4      | Reached skill level 7 in Spellcasting
  4583 | D:5      | Entered Level 5 of the Dungeon
  4711 | D:4      | HP: 9/48 [gnoll sergeant/+0 spear (12)]
  4712 | D:4      | Slain by a gnoll sergeant

Vanquished Creatures
  Grinder (D:3)
  A phantom (D:4)
  A scorpion (D:4)
  2 hounds
  A jelly (D:4)
  An iguana (D:4)
  A sleepcap (D:4)
  7 gnolls
  6 adders
  An ufetubus (D:2)
  A worm (D:2)
  3 dart slugs
  An orc (D:3)
  6 bats
  8 endoplasms
  3 giant cockroaches
  6 goblins
  5 hobgoblins
  3 jackals (D:4)
  16 kobolds
  3 quokkas
  12 ball pythons
  6 frilled lizards
  6 rats
101 creatures vanquished.

Table legend:
 A = Non-vault XP
 B = Vault XP
 C = Vault XP percentage of total XP
 D = Non-vault monster count
 E = Vault monster count
 F = Vault count percentage of total count
                 A         B        C        D         E       F
            +---------+---------+-------+---------+---------+-------
      Total |     671 |     327 |  32.8 |      97 |       4 |   4.0
            +---------+---------+-------+---------+---------+-------
        D:1 |      51 |       0 |   0.0 |      26 |       0 |   0.0
        D:2 |      92 |       0 |   0.0 |      25 |       0 |   0.0
        D:3 |      73 |     277 |  79.1 |      15 |       1 |   6.2
        D:4 |     396 |      50 |  11.2 |      29 |       3 |   9.4
        D:5 |      59 |       0 |   0.0 |       2 |       0 |   0.0
            +---------+---------+-------+---------+---------+-------

Illustrated notes

Table legend:
 A = Kills in this place as a percentage of kills in the entire game.
 B = Kills by you in this place as a percentage of kills by you in the entire game.
 C = Kills by friends in this place as a percentage of kills by friends in the entire game.
 D = Other kills in this place as a percentage of other kills in the entire game.
 E = Experience gained in this place as a percentage of experience gained in the entire game.
 F = Experience gained in this place divided by the number of levels of this place that you have seen.
                   A       B       C       D       E      F
               +-------+-------+-------+-------+-------+----------------------
         Total | 100.0 | 100.0 |   N/A |   N/A | 100.0 | 199.6
       Dungeon | 100.0 | 100.0 |   N/A |   N/A | 100.0 | 199.6
               +-------+-------+-------+-------+-------+----------------------

Table legend: (Time is in decaauts)
 A = Elapsed time spent in this place.
 B = Non-inter-level travel time spent in this place.
 C = Inter-level travel time spent in this place.
 D = Time resting spent in this place.
 E = Time spent auto-exploring this place.
 F = Levels seen in this place.
 G = Mean time per level.
                   A        B        C        D        E       F      G
               +--------+--------+--------+--------+--------+-----+--------+
         Total |   4819 |   4628 |    191 |    378 |   3657 |   5 |  963.8 |
       Dungeon |   4819 |   4628 |    191 |    378 |   3657 |   5 |  963.8 |
               +--------+--------+--------+--------+--------+-----+--------+

Top non-repeatable levels by time:
     D:2: 1437 daAuts
     D:4: 1273 daAuts
     D:1: 1208 daAuts
     D:3: 865 daAuts
     D:5: 34 daAuts
